AoeStats
← Patoown

Arena

510473756Analyzed
1v1 RM · 4h ago on Oct 1, 2026· 30m 45s· 2 players
Game mode
Random Map
Map size
Tiny (2 player)
Population
200
Speed
Normal
Resources
Standard
Victory
Conquest
Starting age
Dark Age
Ending age
Imperial Age
RankedLock teamsTeams togetherTeam positionsShared explorationLock speedFull tech treeHidden civsTurbo modeCheats
Victory
Defeat
🇺🇸 Khmer · United States
703
+19
🇨🇱 Turks · Chile
767
-19
seagull warrior
13:25 Feudal Age
16:43 Castle Age
18:06 Forging
18:02 Scale Barding Armor
20:02 Bloodlines
19:53 Husbandry
20:31 Iron Casting
23:46 Chain Barding Armor
27:38 Light Cavalry
Patoown
6:51 Loom
10:19 Feudal Age
10:47 Double-Bit Axe
13:19 Horse Collar
14:22 Wheelbarrow
16:02 Wheelbarrow
18:57 Castle Age
17:18 Stone Mining
19:20 Gold Mining
20:25 Bow Saw
21:06 Gold Shaft Mining
22:46 Fletching
22:56 Padded Archer Armor
25:12 Ballistics
30:02 Bodkin Arrow
Connection lost

Rejoining the realm…

Still unreachable

The connection could not be restored.

Session expired

The server has moved on; the page needs a fresh start.